 Dungeon Crawl Stone Soup version 0.31-a0-981-geadf994542 (webtiles) character file.

Game seed: 18281077816932949688

3887 zenocrate the Grappler (level 10, 0/83 (88) HPs)
             Began as a Troll Fighter on Oct 31, 2023.
             Was an Elder of Dithmenos.
             Slain by a wight
             ... wielding a +4 great sword of freezing
              (5 damage)
             ... on level 8 of the Dungeon.
             The game lasted 00:08:43 (6041 turns).

zenocrate the Grappler (Troll Fighter)              Turns: 6041, Time: 00:08:44

HP:   0/83 (88)     AC:  0    Str: 28    XL:     10   Next: 0%
MP:   12/12         EV:  9    Int:  4    God:    Dithmenos [****..]
Gold: 151           SH:  8    Dex: 11    Spells: 9/9 levels left

rFire   . .          .
                       - Unarmed
rCold   . . .        b - +0 kite shield
rNeg    . . .        a - +0 robe
rPois   +            (helmet restricted)
rElec   .            (no cloak)
rCorr   .            (gloves unavailable)
SInv    .            (boots unavailable)
Will    +....        (no amulet)
Stlth   +++          C - ring of poison resistance
HPRegen 1.13/turn    h - ring of willpower
MPRegen 0.13/turn

%: clarity
@: corroded, wreathed by umbra, drained
A: large, unfitting armour, claws 3, regeneration 1, shaggy fur 1, tough skin 1,
clarity, mutation resistance 1
a: Renounce Religion, Shadow Step


You were on level 8 of the Dungeon.
You worshipped Dithmenos.
Dithmenos was greatly pleased with you.
You visited 2 branches of the dungeon, and saw 9 of its levels.

You collected 452 gold pieces.
You spent 301 gold pieces at shops.

Inventory:

Missiles
 r - 3 throwing nets
Armour
 a - a +0 robe (worn)
 b - a +0 kite shield (worn)
Jewellery
 d - a ring of wizardry
 h - a ring of willpower (right claw)
 j - a ring of flight
 z - a ring of protection from cold
 C - a ring of poison resistance (left claw)
 F - a +6 ring of strength
Wands
 B - a wand of roots (8)
Scrolls
 e - a scroll of fog {unknown}
 i - a scroll of summoning
 k - 2 scrolls of silence
 l - a scroll of brand weapon {unknown}
 m - a scroll of amnesia {unknown}
 n - a scroll of immolation {unknown}
 o - a scroll of fear
 q - a scroll of teleportation
 t - a scroll of revelation {unknown}
 x - a scroll of poison {unknown}
 y - 3 scrolls of enchant armour
 A - a scroll of enchant weapon {unknown}
 E - 2 scrolls of vulnerability {unknown}
Potions
 c - 3 potions of might
 f - a potion of invisibility
 p - a potion of haste
 s - a potion of brilliance
 u - 4 potions of lignification
 v - a potion of mutation
 w - a potion of attraction
 D - a potion of cancellation


   Skills:
 - Level 2.4 Fighting
 - Level 5.3 Throwing
 - Level 2.4 Dodging
 + Level 3.0 Stealth
 - Level 2.6 Shields
 + Level 11.0 Unarmed Combat
 - Level 0.2 Spellcasting
 - Level 4.4 Invocations


You had 9 spell levels left.
You didn't know any spells.
Your spell library contained the following spells:

 Spells                   Type           Power      Damage    Failure   Level
 Kiss of Death            Conj/Necr      0%         2d5       75%         1
 Summon Small Mammal      Summ           0%         N/A       75%         1
 Call Canine Familiar     Summ           0%         N/A       98%         3
 Confusing Touch          Hex            0%         N/A       98%         3
 Summon Guardian Golem    Hex/Summ       0%         N/A       98%         3
 Dispel Undead            Necr           0%         3d6       100%        4


Dungeon Overview and Level Annotations

Branches:
Dungeon (8/15)             Temple (1/1) D:5
   Lair: D:8-11

Altars:
Cheibriados
Dithmenos
Elyvilon
Gozag
Makhleb
Nemelex Xobeh
Okawaru
Qazlal
Ru
Sif Muna
Trog
Uskayaw
Wu Jian
Xom
Yredelemnul
Zin
The Shining One

Shops:
D:3 ?   D:5 (**!!


Innate Abilities, Weirdness & Mutations

You are too large for most types of armour.
You have claws for hands.
Your natural rate of healing is unusually fast.
You are covered in fur. (AC +1)
You have tough skin. (AC +1)
You possess an exceptional clarity of mind.
You are somewhat resistant to further mutation.


Message History

The acid dragon bites you!
* * * LOW HITPOINT WARNING * * *
The acid dragon claws you.
* * * LOW HITPOINT WARNING * * *
Unknown command.
Unknown command.
You scratch the acid dragon but do no damage.
The acid dragon is almost dead.
Your shadow hits the acid dragon but does no damage.
The acid dragon bites you.
* * * LOW HITPOINT WARNING * * *
The acid dragon claws you.
* * * LOW HITPOINT WARNING * * *
Unknown command.
You barely miss the acid dragon.
The acid dragon is almost dead.
The wight closely misses you. The acid dragon bites you.
* * * LOW HITPOINT WARNING * * *
The acid dragon claws you.
* * * LOW HITPOINT WARNING * * *
Unknown command.
Unknown command.
As you read the scroll of fear, it crumbles to dust.
You assume a fearsome visage.
The acid dragon looks frightened!
The wight is unaffected. x3; You block the wight's attack.
Unknown command.
Okay, then.
You feel much better. You block the wight's attack.
The wight hits you with a +4 great sword of freezing.
The wight freezes you.
* * * LOW HITPOINT WARNING * * *
Unknown command.
Unknown command.
The wight barely misses you. The wight attacks as it pursues you!
The wight hits you with a +4 great sword of freezing!
* * * LOW HITPOINT WARNING * * *
You feel drained.
* * * LOW HITPOINT WARNING * * *
The wight freezes you.
You die...

####...#### #..#.#####.##.##.#
..........######..#.# #.##)##.#
................)...# #.......#
.####..##.#########.# #.#####.#
###..##.#########.#####.# #.#
................#.......# #.#
###..##.#######D##.#.########..
.....##.######.>.#.#......†...#
###.###.....^.@z...##########..
########zz.### #.. ##.## #..
#.# #.. #.# #.. .# #.. .# #..
.# #.. ## #..


You could see an acid dragon (fleeing) and 3 wights.

Vanquished Creatures
  A two-headed ogre (D:8)
  Psyche (D:8)
  A steam dragon (D:8)
  3 water moccasins
  An orc warrior (D:6)
  An ice beast (D:7)
  An ogre (D:5)
  A centaur (D:6)
  3 kobold brigands (D:5)
  2 bullfrogs
  6 wights
  2 scorpions
  6 killer bees (D:8)
  5 hounds
  3 jellies (D:7)
  2 orc priests
  A sleepcap (D:5)
  6 iguanas
  9 orc wizards
  23 gnolls
  8 adders
  2 shadow imps
  A white imp (D:7)
  7 worms
  5 dart slugs
  21 orcs
  8 ball pythons
  13 endoplasms
  3 giant cockroaches (D:3)
  10 goblins
  13 hobgoblins
  3 jackals (D:2)
  3 quokkas
  6 bats
  5 frilled lizards
  56 kobolds
  4 rats
246 creatures vanquished.

Notes
Turn   | Place    | Note
-------+----------+-------------------------------------------
     0 | D:1      | zenocrate the Troll Fighter began the quest for the Orb.
     0 | D:1      | Reached XP level 1. HP: 22/22 MP: 0/0
   105 | D:1      | Reached XP level 2. HP: 29/29 MP: 1/1
   115 | D:1      | Reached skill level 3 in Unarmed Combat
   274 | D:1      | Reached XP level 3. HP: 32/34 MP: 2/2
   505 | D:2      | Found a snail-covered altar of Cheibriados.
   573 | D:2      | Reached skill level 4 in Unarmed Combat
   935 | D:2      | Reached XP level 4. HP: 44/44 MP: 3/3
  1174 | D:3      | Found an ornate altar of the Wu Jian Council.
  1207 | D:3      | Found a shadowy altar of Dithmenos.
  1221 | D:3      | Became a worshipper of Dithmenos the Shadowed
  1358 | D:3      | Found a faded altar of an unknown god.
  1403 | D:3      | Found Doudo's Magic Scroll Boutique.
  1411 | D:3      | Bought a scroll of fear for 44 gold pieces
  1411 | D:3      | Bought a scroll of teleportation for 33 gold pieces
  1411 | D:3      | Bought a scroll of identify for 22 gold pieces
  1480 | D:3      | Reached skill level 5 in Unarmed Combat
  1525 | D:3      | Reached XP level 5. HP: 38/50 MP: 4/4
  1652 | D:3      | Reached * piety under Dithmenos
  2355 | D:4      | Reached skill level 1 in Throwing
  2414 | D:4      | Reached skill level 6 in Unarmed Combat
  2414 | D:4      | Reached XP level 6. HP: 59/59 MP: 5/5
  2771 | D:5      | Entered Level 5 of the Dungeon
  2771 | D:5      | Found Ywacaruh's Antique Weapon Boutique.
  2873 | D:5      | Reached ** piety under Dithmenos
  2883 | D:5      | Found Tiucun's Distillery.
  2894 | D:5      | Bought a potion of curing for 39 gold pieces
  2922 | D:5      | Reached XP level 7. HP: 66/66 MP: 6/6
  3032 | D:5      | Found Echivoz's Distillery.
  3038 | D:5      | Bought a potion of degeneration for 10 gold pieces
  3189 | D:5      | Reached skill level 7 in Unarmed Combat
  3204 | D:5      | Found Anivy's General Store.
  3224 | D:5      | Bought a scroll of identify for 28 gold pieces
  3253 | D:5      | Found Xoqecw's Assorted Antiques.
  3432 | D:5      | Found a staircase to the Ecumenical Temple.
  3451 | Temple   | Entered the Ecumenical Temple
  3499 | D:5      | Found an iron altar of Okawaru.
  3623 | D:5      | Reached XP level 8. HP: 31/74 MP: 7/7
  3635 | D:5      | Reached *** piety under Dithmenos
  3655 | D:5      | Reached skill level 5 in Throwing
  3659 | D:5      | Reached skill level 8 in Unarmed Combat
  3896 | D:5      | Reached skill level 1 in Invocations
  4099 | D:5      | Bought a green potion for 20 gold pieces
  4099 | D:5      | Bought a scroll labelled IJAORI ESHRYIMU for 23 gold pieces
  4158 | D:3      | Bought a scroll of enchant armour for 82 gold pieces
  4214 | D:6      | Reached **** piety under Dithmenos
  4374 | D:6      | Reached skill level 9 in Unarmed Combat
  4743 | D:6      | Found a glowing silver altar of Zin.
  4948 | D:7      | Reached XP level 9. HP: 39/77 MP: 10/10
  4952 | D:7      | HP: 2/73 [wight/+0 halberd (3)]
  5306 | D:7      | Gained mutation: You possess an exceptional clarity of
                  | mind. [potion of mutation]
  5306 | D:7      | Gained mutation: You are somewhat resistant to further
                  | mutation. [potion of mutation]
  5559 | D:7      | Found a snail-covered altar of Cheibriados.
  5648 | D:8      | Noticed a two-headed ogre
  5663 | D:8      | Killed a two-headed ogre
  5664 | D:8      | Reached skill level 10 in Unarmed Combat
  5890 | D:8      | Noticed Psyche
  5897 | D:8      | Killed Psyche
  5899 | D:8      | Reached skill level 11 in Unarmed Combat
  5952 | D:8      | Found a white marble altar of Elyvilon.
  6034 | D:8      | Reached XP level 10. HP: 51/86 MP: 12/12
  6038 | D:8      | HP: 1/86 [acid dragon (4)]
  6041 | D:8      | Slain by a wight

Illustrated notes

Levels and vault maps discovered:
D:1:      roderic_chinese_lattice_arrival, layout_rooms
D:2:      layout_loops_ring, basic_altar
D:3:      minmay_recursive_quarters, layout_loops_ring,
          nicolae_overflow_hidden_temple, nicolae_dithmenos_shadow_blocks,
          serial_shops, nicolae_shop_rolling_square,
          hellmonk_ecumenical_altar_pennies_from_heaven
D:4:      layout_basic
D:5:      minmay_goblin_kobold_castle, layout_rooms,
          hellmonk_okawaru_the_only_friend_you_need, lemuel_temple_firewalk_b,
          serial_shops, shop, shop_fountains, shop, shop, shop
D:6:      layout_loops_cross, zin_academy
D:7:      layout_gridville, kennysheep_slug_shrine
D:8:      cheibrodos_fertilizer, layout_loops_ring,
          mainiacjoe_overflow_six_doors_small, uniq_jeremiah, uniq_maggie,
          uniq_psyche
Temple:   bh_familiar_temple

Skill      XL: |  1  2  3  4  5  6  7  8  9 |
---------------+----------------------------+-----
Unarmed Combat | 3 4 5 6 7 9 11 | 11.0
Throwing       | 1 3 4 5 |  5.3
Invocations    | 3 4 |  4.4
Stealth        | 3 |  3.0
Fighting       | |  2.4
Dodging        | |  2.4
Shields        | |  2.6
Spellcasting   | |  0.2

Action                     |  1- 3 |  4- 6 |  7- 9 | 10-12 || total
---------------------------+-------+-------+-------+-------++-------
  Melee: Unarmed           |    96 |   222 |   335 |     5 ||   658
  Throw: Boomerang         |       |       |     8 |       ||     8
    Use: Scroll            |       |     4 |     7 |     1 ||    12
         Potion            |       |       |     3 |     1 ||     4
   Stab: Sleeping          |     2 |     3 |     3 |       ||     8
 Armour: Robe              |    46 |   121 |   283 |     9 ||   459
  Dodge: Dodged            |    21 |    73 |   156 |     2 ||   252
  Block: Kite shield       |    28 |    77 |   145 |     2 ||   252

Table legend: (Time is in decaauts)
 A = Elapsed time spent in this place.
 B = Non-inter-level travel time spent in this place.
 C = Inter-level travel time spent in this place.
 D = Time resting spent in this place.
 E = Time spent auto-exploring this place.
 F = Levels seen in this place.
 G = Mean time per level.
                   A        B        C        D        E       F      G
               +--------+--------+--------+--------+--------+-----+--------+
         Total |   6047 |   5741 |    306 |      0 |   4314 |   9 |  671.9 |
       Dungeon |   6046 |   5740 |    306 |      0 |   4314 |   8 |  755.8 |
        Temple |      1 |      1 |      0 |      0 |      0 |   1 |    1.0 |
               +--------+--------+--------+--------+--------+-----+--------+

Top non-repeatable levels by time:
     D:5: 1385 daAuts
     D:3: 971 daAuts
     D:6: 789 daAuts
     D:4: 736 daAuts
     D:2: 616 daAuts
     D:7: 613 daAuts
     D:1: 507 daAuts
     D:8: 426 daAuts
  Temple: 1 daAuts
